Map: Orbital Shipyard

Players

kOrc

  • Race: Protoss Protoss
  • League: Diamond

LilDicky - Winner!

  • Race: Terran Terran
  • League: Diamond

VOD

http://www.twitch.tv/tumescentpie

Description

Time

  • Played on: Jan. 1, 2016, 4:39 p.m.
  • Length: 7:05
Show
View Real Time Build Order
Export as new Build Order

kOrc Protoss 

Build Orders: Oracle Opening 

Get SALT Encoding   

  12  0:01  Probe (Chrono Boost)  
  13  0:12  Probe (Chrono Boost)  
  14  0:20  Pylon  
  14  0:22  Probe (Chrono Boost)  
  15  0:38  Probe (Chrono Boost)  
  15  0:42  Gateway  
  16  0:48  Probe (Chrono Boost)  
  17  0:50  Assimilator  
  17  0:59  Probe (Chrono Boost)  
  17  1:00  Assimilator  
  18  1:09  Probe (Chrono Boost)  
  19  1:21  Probe (Chrono Boost)  
  20  1:29  Cybernetics Core  
  20  1:35  Pylon  
  20  1:36  Probe (Chrono Boost)  
  21  1:47  Probe (Chrono Boost)  
  22  1:54  Nexus  
  22  2:00  Probe (Chrono Boost)  
  23  2:10  Stargate  
  23  2:13  Warp Gate (Chrono Boost)  
  23  2:16  Probe (Chrono Boost)  
  24  2:28  Mothership Core  
  26  2:38  Pylon  
  26  2:49  Probe  
  29  2:52  Pylon  
  29  2:57  Oracle (Chrono Boost)  
  30  3:09  Stalker  
  32  3:16  Forge  
  32  3:28  Pylon  
  32  3:41  Robotics Facility  
  32  3:48  Gateway  
  32  3:52  Probe  
  30  4:14  Pylon  
  30  4:22  Probe x2  
  32  4:26  Observer (Chrono Boost)  
  33  4:34  Probe  
  33  4:36  Twilight Council  
  34  4:39  Gateway  
  34  4:41  Probe, Gateway  
  34  4:44  Pylon  
  35  4:46  Gateway  
  35  4:47  Assimilator  
  35  4:50  Warp Prism  
  37  5:01  Probe (Chrono Boost)  
  37  5:05  Probe (Chrono Boost)  
  39  5:09  Stalker  
  39  5:12  Probe (Chrono Boost)  
  42  5:14  Stalker  
  44  5:33  Stalker  
  46  5:36  Probe  
  47  5:50  Stalker  
  47  6:01  Stalker  
  45  6:14  Stalker  
  47  6:24  Stalker  
  45  6:37  Pylon  
  43  6:40  Cybernetics Core  
  43  6:42  Zealot  
  39  6:55  Pylon  
  38  7:02  Cybernetics Core  
Show
View Real Time Build Order
Export as new Build Order

LilDicky Terran - Winner!

Build Orders: MMM Bio 

Get SALT Encoding   

  12  0:01  SCV  
  13  0:13  SCV  
  14  0:18  Supply Depot  
  14  0:25  SCV  
  15  0:32  Refinery  
  15  0:39  SCV  
  16  0:46  Barracks  
  16  0:51  SCV  
  17  1:09  SCV  
  18  1:21  SCV  
  19  1:33  Supply Depot  
  19  1:34  Factory  
  19  1:36  Marine  
  19  1:38  Orbital Command  
  20  1:53  Marine  
  21  2:03  Bunker  
  21  2:08  SCV  
  22  2:18  Barracks Reactor  
  22  2:22  SCV, Barracks  
  23  2:23  Barracks  
  23  2:29  Refinery  
  23  2:34  SCV  
  24  2:46  SCV  
  24  2:47  Widow Mine  
  27  3:01  Marine x2  
  29  3:06  SCV  
  29  3:12  Barracks Tech Lab x2  
  30  3:13  Supply Depot  
  30  3:19  Marine x2  
  31  3:30  Combat Shields, Stimpack  
  31  3:34  Marine x2  
  31  3:36  Supply Depot  
  31  3:37  Marine x2  
  31  3:40  SCV  
  36  3:47  Starport  
  36  3:52  SCV, Marine x2  
  34  4:09  Marine x2  
  35  4:14  SCV  
  36  4:20  Marauder x2  
  40  4:25  Medivac  
  40  4:29  SCV  
  43  4:32  Marine  
  43  4:34  Marine  
  45  4:40  Supply Depot  
  45  4:43  Marine  
  45  4:44  Marine  
  45  4:54  Marine  
  45  4:56  Concussive Shells  
  45  4:58  Marine  
  47  5:02  Marauder  
  47  5:05  Marauder  
  51  5:11  Supply Depot  
  51  5:13  SCV  
  52  5:32  Marine  
  52  5:33  Marine x3  
  55  5:51  Marauder  
  39  6:30  Marine x2  
  39  6:31  Marauder x2  
  42  6:46  Command Center  
Tags
 
Add a new tag
Caveats
  • Supply blocks, unpowered buildings, or Contaminate may cause inaccurate times.
  • Supply counts are checked every 10 seconds.